 Dungeon Crawl Stone Soup version 0.16-a0-734-gc254e8c (webtiles) character file.

204365 Ratboiler the Severer (level 18, -5/100 HPs)
             Began as a Vine Stalker Assassin on Sept 21, 2014.
             Was a High Priest of Trog.
             Slain by a merfolk impaler
             ... wielding a +4 trident of venom
              (16 damage)
             ... on Level 5 of the Shoals on Sept 22, 2014.
             The game lasted 02:31:27 (33950 turns).

Ratboiler the Severer (Vine Stalker Assassin)      Turns: 33950, Time: 02:31:27

HP  -5/100       AC 29     Str 17      XL: 18   Next: 64%
MP   0/21        EV 22     Int 11      God: Trog [*****.]
Gold 1677        SH  0     Dex 21      Spells:  0 memorised, 17 levels left

rFire  . . .     SeeInvis .     a - +7 battleaxe of the Foot {chop, rN+ Stlth+}
rCold  . . .     Clarity  .     I - +6 storm dragon armour
rNeg   + . .     rCorr    .     (no shield)
rPois  +         rRot     +     (no helmet)
rElec  +         Spirit   +     d - +0 cloak
SustAb .         Warding  .     v - +2 pair of gloves
rMut   .         Stasis   .     t - +1 pair of boots
Gourm  .                        V - amulet of faith
MR     ++++.                    h - ring of poison resistance
                                M - ring of Shaolin {EV+8}

@: lethally poisoned, exhausted, regenerating, slowed, very slow, incredibly
resistant to hostile enchantments, very unstealthy
A: fangs 3, regeneration 3, magic shield, antimagic bite, no device heal 3, rot
immunity
a: Burn Spellbooks, Berserk, Trog's Hand, Brothers in Arms, Renounce Religion
}: 1/15 runes: serpentine


You were on level 5 of the Shoals.
You worshipped Trog.
Trog was extremely pleased with you.
You were very hungry.

You visited 6 branches of the dungeon, and saw 38 of its levels.
You also visited: Ossuary, Bailey and Ice Cave.

You collected 5059 gold pieces.
You spent 3382 gold pieces at shops.

Inventory:

Hand weapons
 a - the +7 battleaxe of the Foot (weapon) {chop, rN+ Stlth+}
   (Trog gifted it to you on level 10 of the Dungeon)

   It inflicts extra damage upon your enemies.
   It protects you from negative energy.
   It makes you more stealthy.
 g - a +7 antimagic executioner's axe
 y - a +0 triple crossbow
Missiles
 f - 12 throwing nets (quivered)
Armour
 d - a +0 cloak (worn)
 t - a +1 pair of boots (worn)
 v - a +2 pair of gloves (worn)
 I - a +6 storm dragon armour (worn)
Magical devices
 r - a wand of lightning (4)
 D - a wand of paralysis (11)
 K - a wand of hasting (5)
 O - a wand of frost (17)
 S - a wand of cold (4)
 U - a wand of disintegration (0)
 W - a wand of digging (16)
Comestibles
 n - 7 meat rations
 J - a fruit
 Z - 2 bread rations
Scrolls
 c - 3 scrolls of enchant weapon
 e - a scroll of brand weapon
 q - a scroll of torment
 s - 6 scrolls of remove curse
 C - 3 scrolls of fog
 E - 2 scrolls of recharging
 H - 3 scrolls of fear
 N - 8 scrolls of identify
 P - 3 scrolls of blinking
 X - 12 scrolls of teleportation
Jewellery
 b - an uncursed ring of positive energy
 h - a ring of poison resistance (right hand)
 j - an uncursed ring of positive energy
 k - an uncursed amulet of warding
 p - the ring of Scho Saeq {rF+ rC+}
   (You bought it in a shop on level 2 of the Orcish Mines)

   [ring of protection from cold]

   It protects you from fire.
   It protects you from cold.
 M - the ring of Shaolin (left hand) {EV+8}
   (You bought it in a shop on level 2 of the Orcish Mines)

   [ring of evasion]

   It affects your evasion (+8).
 Q - an uncursed ring of see invisible
 V - an amulet of faith (around neck)
 Y - a cursed ring of protection from fire
Potions
 i - a potion of lignification
 l - a potion of resistance
 m - 3 potions of flight
 u - a potion of berserk rage
 w - 3 potions of curing
 x - a potion of cancellation
 z - 4 potions of invisibility
 A - 5 potions of agility
 B - 8 potions of might
 F - 4 potions of brilliance
 G - 4 potions of restore abilities
 L - 3 potions of haste
 T - 2 potions of mutation
Miscellaneous
 o - a fan of gales


   Skills:
 + Level 13.4 Fighting
   Level 1.7 Short Blades
 * Level 18.3 Axes
 - Level 1.7 Throwing
 + Level 12.4 Armour
 + Level 13.0 Dodging
 - Level 4.8 Stealth


You had 17 spell levels left.
You didn't know any spells.

Dungeon Overview and Level Annotations

Branches:
Dungeon (15/15)            Temple (1/1) D:5             Orc (4/4) D:9
    Elf (0/3) Orc:4          Lair (8/8) D:11         Shoals (5/5) Lair:4
  Snake (5/5) Lair:5        Slime (0/6) Lair:6       Vaults (0/5) D:14
 Depths (0/5) D:15

Altars:
Ashenzari
Cheibriados
Dithmenos
Elyvilon
Gozag
Kikubaaqudgha
Makhleb
Nemelex Xobeh
Okawaru
Qazlal
Sif Muna
Trog
Vehumet
Xom
Yredelemnul
Zin
The Shining One
Beogh
Jiyva

Shops:
D:11 %   Orc:1 ?   Orc:2 =%!*   Orc:4 (:?(   Snake:1 :   Snake:3 *


Innate Abilities, Weirdness & Mutations

You have razor-sharp teeth.
You regenerate.
When hurt, damage is shared between your health and your magic reserves.
Your bite disrupts and absorbs the magic of your enemies.
Potions and wands cannot restore your health.
You are immune to rotting.


Message History

You slice the merfolk!!
You kill the merfolk!
Trog accepts your kill.
You closely miss the merfolk javelineer.
The merfolk javelineer is moderately wounded.
You feel sick.
Your troll bites the merfolk javelineer.
Your troll misses the merfolk javelineer.
Your troll claws the merfolk javelineer!
The merfolk javelineer throws a javelin.
The javelin hits you!
* * * LOW HITPOINT WARNING * * *
The merfolk impaler hits you with a trident of venom!
* * * LOW HITPOINT WARNING * * *
Your troll misses the merfolk javelineer.
Your troll claws the merfolk javelineer.
Your troll barely misses the merfolk javelineer.
The merfolk javelineer barely misses you.
The merfolk impaler hits you with a trident of venom!!
You die...

≈≈≈≈≈≈≈≈≈≈≈.
≈≈≈≈≈≈≈≈≈≈≈...
≈≈≈≈≈≈≈≈≈≈≈(.....##
≈≈≈≈≈≈≈≈≈≈≈≈........###
≈≈≈≈≈≈≈≈≈≈..............
≈≈≈≈≈≈≈≈%...............
≈≈≈≈≈≈≈≈.)...............
≈≈≈≈≈##)##.............≈
≈ #m@)##.......#....≈
#.)m.m#.........≈≈≈≈
#..T..#.......<≈≈≈≈≈
#.....#..)....≈≈≈≈≈≈
##...##......≈≈≈≈≈≈≈
#####..[....≈≈≈≈≈≈≈
#######.≈≈≈≈≈≈≈ ..≈≈≈≈≈≈.
..≈≈≈≈≈...


You could see a merfolk impaler, 2 merfolk javelineers and a friendly troll
(berserk).

Vanquished Creatures
  Norris (Snake:5)
  Vashnia (Snake:5)
  Frances (D:14)
  Roxanne (Snake:5)
  9 greater nagas
  Donald (Orc:4)
  Maud (Lair:8)
  Gastronok (Lair:3)
  A dire elephant (D:15)
  Snorg (Lair:3)
  6 merfolk javelineers
  Josephine (Orc:3)
  4 merfolk impalers
  A fire dragon (D:14)
  Fannar (D:11)
  6 hydras
  Harold (Lair:7)
  16 naga warriors
  Erica (D:13)
  2 centaur warriors
  8 anacondas
  13 death yaks
  19 naga sharpshooters
  8 shock serpents
  A salamander mystic (Snake:5)
  2 catoblepae
  An unseen horror (D:12)
  A sea snake (Shoals:5)
  A wizard (D:14)
  2 ice statues (IceCv)
  6 naga ritualists
  11 hill giants
  11 mana vipers
  6 orc sorcerers (Orc:4)
  3 griffons
  9 ugly things
  8 salamanders
  An orc knight (Bailey)
  6 cyclopes
  8 elephants
  2 mermaids
  A water nymph (Shoals:5)
  31 black mambas
  A guardian serpent (shapeshifter) (D:14)
  6 manticores
  2 torpor snails (Lair:8)
  A gargoyle (D:12)
  34 naga magi
  A yaktaur (shapeshifter) (D:14)
  5 guardian serpents
  11 spiny frogs
  4 komodo dragons
  3 item mimics
  A fire drake (Lair:8)
  3 harpy zombies (Shoals:4)
  A jumping spider (Lair:8)
  A freezing wraith (D:15)
  8 merfolk
  The ghost of murphvienna the Cleaver, an average MiBe of Trog (D:4)
  A blink frog (shapeshifter) (D:14)
  4 trolls
  16 blink frogs
  8 slime creatures
  A snapping turtle (Shoals:3)
  A boulder beetle (Lair:8)
  A griffon zombie (D:12)
  2 wraiths
  2 basilisks
  5 water elementals
  A spriggan (D:7)
  A trapdoor spider (shapeshifter) (D:14)
  4 redbacks (Lair:8)
  3 wyverns
  2 deep elf magi
  A griffon skeleton (D:15)
  2 hill giant zombies
  A yak (shapeshifter) (D:14)
  52 yaks
  Eustachio (D:10)
  A steam dragon (D:11)
  47 nagas
  12 hippogriffs
  17 wolves
  3 hungry ghosts
  6 vampire mosquitoes
  11 wargs
  27 ice beasts
  2 soldier ants
  26 orc warriors
  23 water moccasins
  4 sky beasts
  3 yellow wasps
  9 porcupines
  A phantom (D:9)
  6 black bears
  2 necrophages (D:11)
  12 ogres
  5 centaurs
  3 boring beetles
  A wyvern zombie (D:12)
  14 crocodiles
  8 big kobolds
  Blork the orc (D:8)
  23 giant frogs
  A gnoll sergeant (D:12)
  3 scorpions
  An eye of draining (D:8)
  A hippogriff zombie (Shoals:4)
  The ghost of PolkaDot the Insei, a weakling DrTm (D:3)
  23 killer bees
  A tengu skeleton (D:11)
  20 wights
  A yak skeleton (D:11)
  3 goliath beetles
  9 crimson imps
  4 electric eels
  2 quasits
  A giant frog skeleton (D:4)
  An iron imp (D:10)
  31 orc priests
  10 jellies
  A giant frog zombie (D:11)
  11 hounds
  A centaur skeleton (D:8)
  48 orc wizards
  16 iguanas
  9 worker ants
  20 sheep
  A big kobold zombie (D:9)
  A mottled dragon skeleton (D:12)
  Terence (D:3)
  2 hound zombies
  3 mummies
  9 gnolls
  20 adders
  28 green rats
  2 shadow imps
  12 white imps (Orc:4)
  2 orc zombies
  9 giant geckos
  13 oozes (D:8)
  200 orcs
  17 bats
  A bat skeleton (D:8)
  6 giant cockroaches
  23 goblins
  17 hobgoblins
  12 jackals
  54 kobolds
  11 quokkas
  2 ball pythons
  4 giant newts
  7 gnoll skeletons (Ossuary)
  A goblin zombie (Orc:3)
  7 kobold skeletons (Ossuary)
  An orc simulacrum (Orc:3)
  14 orc skeletons
  A quokka zombie (D:4)
  11 rats
  A rat skeleton (D:4)
  A rat zombie (D:5)
  2 ballistomycetes (D:11)
  2 fungi
  15 plants
1407 creatures vanquished.

Vanquished Creatures (collateral kills)
  Nikola (Snake:3)
  Rupert (Lair:3)
  A greater naga (Snake:5)
  A dire elephant (Lair:8)
  A hydra (Lair:8)
  2 ice dragons (IceCv)
  The ghost of Badjas the Jinx, a powerful FoAM of Okawaru (D:10)
  An anaconda (Snake:4)
  A deep troll shaman (Lair:8)
  A salamander mystic (Snake:5)
  A wizard (D:14)
  A hill giant (D:10)
  2 salamanders (Snake:5)
  4 yaks (Lair:8)
  A naga (Snake:4)
  A crocodile (Lair:8)
  A giant frog (Lair:3)
  2 killer bees (D:14)
  An orc wizard (Orc:4)
  2 orcs
27 creatures vanquished.

Vanquished Creatures (others)
  A merfolk (Shoals:3)
  A yak (Lair:8)
  A naga (Snake:5)
  A water moccasin (Snake:4)
  A sky beast (Snake:5)
  An ogre (Lair:8)
  An orc wizard (Orc:4)
  An orc (Orc:4)
  3 giant spores
  9 fungi
  A plant (Lair:8)
21 creatures vanquished.

Grand Total: 1455 creatures vanquished

Notes
Turn   | Place    | Note
--------------------------------------------------------------
     0 | D:1      | Ratboiler, the Vine Stalker Assassin, began the quest for the Orb.
     0 | D:1      | Reached XP level 1. HP: 11/11 MP: 1/1
     6 | D:1      | Reached skill level 1 in Dodging
   145 | D:1      | Reached XP level 2. HP: 6/15 MP: 0/3
  1036 | D:2      | Reached XP level 3. HP: 18/18 MP: 4/4
  1561 | D:2      | Reached XP level 4. HP: 15/23 MP: 3/5
  2226 | D:3      | Reached skill level 1 in Axes
  2263 | D:3      | Reached XP level 5. HP: 26/26 MP: 7/7
  2428 | D:3      | Noticed Terence
  2442 | D:3      | Killed Terence
  2473 | D:3      | Noticed PolkaDot's ghost (weakling DrTm)
  2485 | D:3      | Killed PolkaDot's ghost
  2560 | D:3      | Gained mutation: You heal very quickly. [vine stalker growth]
  2560 | D:3      | Reached XP level 6. HP: 28/30 MP: 8/8
  2973 | D:4      | Found a sparkling altar of Nemelex Xobeh.
  3081 | D:4      | Reached XP level 7. HP: 24/34 MP: 7/9
  3251 | D:4      | Noticed murphvienna's ghost (average MiBe)
  3274 | D:4      | Killed murphvienna's ghost
  3282 | D:4      | Reached skill level 5 in Axes
  3428 | D:4      | Found a basalt altar of Yredelemnul.
  3520 | D:4      | Found a deep blue altar of Sif Muna.
  3650 | D:5      | Entered Level 5 of the Dungeon
  3798 | D:5      | Reached skill level 5 in Dodging
  3798 | D:5      | Gained mutation: You have razor-sharp teeth. [vine stalker growth]
  3798 | D:5      | Reached XP level 8. HP: 24/38 MP: 11/11
  3862 | D:5      | Found a staircase to the Ecumenical Temple.
  3873 | Temple   | Entered the Ecumenical Temple
  4001 | Temple   | Became a worshipper of Trog the Wrathful
  4164 | D:5      | Reached skill level 6 in Axes
  4581 | D:6      | Acquired Trog's first power
  4989 | D:6      | Found a sparkling altar of Nemelex Xobeh.
  5269 | D:6      | Reached skill level 1 in Armour
  5494 | D:7      | Reached skill level 7 in Axes
  5494 | D:7      | Reached XP level 9. HP: 42/44 MP: 12/12
  5523 | D:7      | Found a shattered altar of Ashenzari.
  6127 | D:8      | Acquired Trog's second power
  6164 | D:8      | Found a sand-covered staircase.
  6168 | Ossuary  | Entered an ossuary
  6325 | Ossuary  | Reached skill level 8 in Axes
  6595 | D:8      | Found a shattered altar of Ashenzari.
  6917 | D:8      | Found a glowing golden altar of the Shining One.
  6948 | D:8      | Noticed Blork the orc
  6962 | D:8      | Killed Blork the orc
  6962 | D:8      | Reached XP level 10. HP: 29/51 MP: 5/13
  7359 | D:8      | Reached skill level 9 in Axes
  7398 | D:8      | Acquired Trog's third power
  7546 | D:9      | Reached skill level 5 in Fighting
  7576 | D:9      | Found a bloodstained altar of Trog.
  7906 | D:9      | Found a white marble altar of Elyvilon.
  8010 | D:9      | Found a burning altar of Makhleb.
  8096 | D:9      | Found a staircase to the Orcish Mines.
  8508 | D:9      | Reached skill level 5 in Armour
  8512 | D:9      | Reached XP level 11. HP: 56/56 MP: 12/15
  8619 | D:9      | Reached skill level 10 in Axes
  8622 | D:9      | Found a shimmering altar of Xom.
  8622 | D:9      | Found a stormy altar of Qazlal.
  8720 | D:10     | Entered Level 10 of the Dungeon
  8845 | D:10     | Found a flagged portal.
  8855 | D:10     | Received a gift from Trog
  8865 | Bailey   | Entered a bailey
  8912 | Bailey   | Noticed an orc knight
  9159 | Bailey   | Killed an orc knight
  9433 | D:10     | Noticed Eustachio
  9454 | D:10     | Killed Eustachio
  9600 | D:10     | Noticed a hill giant
  9694 | D:10     | Noticed a hill giant
  9706 | D:10     | Killed a hill giant
  9790 | D:10     | Received a gift from Trog
  9951 | D:10     | Noticed Badjas' ghost (powerful FoAM)
 10137 | D:11     | Noticed a hill giant
 10151 | D:11     | Killed a hill giant
 10151 | D:11     | Reached skill level 11 in Axes
 10204 | D:11     | Noticed Fannar
 10226 | D:11     | Killed Fannar
 10302 | D:11     | Noticed a hill giant
 10305 | D:11     | Killed a hill giant
 10305 | D:11     | Gained mutation: You regenerate. [vine stalker growth]
 10305 | D:11     | Reached XP level 12. HP: 63/63 MP: 16/16
 10515 | D:11     | Noticed a hill giant
 10523 | D:11     | Killed a hill giant
 10550 | D:11     | Noticed a hill giant
 10555 | D:11     | Killed a hill giant
 10712 | D:11     | Received a gift from Trog
 10997 | D:12     | Found a snail-covered altar of Cheibriados.
 11274 | D:12     | Reached skill level 12 in Axes
 11649 | D:10     | Killed a hill giant
 11663 | D:10     | Killed Badjas' ghost
 11737 | D:10     | Received a gift from Trog
 11738 | D:10     | Got a crude battleaxe {god gift}
 11739 | D:10     | Identified the +7 battleaxe of the Foot {chop, rN+ Stlth+} (Trog gifted it to you on level 10 of the Dungeon)
 11949 | D:11     | Found a staircase to the Lair.
 11949 | D:11     | Noticed a hill giant
 11953 | D:11     | Killed a hill giant
 12084 | Lair:1   | Entered Level 1 of the Lair of Beasts
 12149 | Lair:1   | Reached XP level 13. HP: 68/68 MP: 17/17
 12254 | Lair:1   | Identified a scroll of acquirement
 12574 | Lair:1   | Received a gift from Trog
 13423 | Lair:3   | Reached skill level 13 in Axes
 13490 | Lair:3   | Received a gift from Trog
 13646 | Lair:3   | Noticed Rupert
 13659 | Lair:3   | Killed Rupert
 14066 | Lair:3   | Noticed Snorg
 14074 | Lair:3   | Killed Snorg
 14128 | Lair:3   | Noticed Gastronok
 14138 | Lair:3   | Killed Gastronok
 14632 | Lair:4   | Found a staircase to the Shoals.
 14783 | Lair:4   | Received a gift from Trog
 15391 | Lair:5   | Reached XP level 14. HP: 75/75 MP: 18/18
 15420 | Lair:5   | Found a staircase to the Snake Pit.
 15430 | Lair:5   | Reached skill level 10 in Dodging
 16296 | Lair:6   | Found a viscous altar of Jiyva.
 16297 | Lair:6   | Found a staircase to the Slime Pits.
 17107 | Lair:7   | Reached skill level 14 in Axes
 17236 | Lair:7   | Received a gift from Trog
 17404 | Lair:7   | Reached skill level 10 in Fighting
 17559 | Lair:7   | Noticed Harold
 17571 | Lair:7   | Killed Harold
 18091 | Lair:8   | Entered Level 8 of the Lair of Beasts
 18097 | Lair:8   | Noticed Maud
 18110 | Lair:8   | Killed Maud
 18897 | Lair:8   | Received a gift from Trog
 18898 | Lair:8   | Reached XP level 15. HP: 30/81 MP: 6/19
 19698 | Lair:1   | Upgraded the game from 0.16-a0-715-g16937c4 to 0.16-a0-734-gc254e8c
 19851 | Orc:1    | Entered Level 1 of the Orcish Mines
 19892 | Orc:1    | Reached skill level 15 in Axes
 19995 | Orc:1    | Received a gift from Trog
 20113 | Orc:1    | Found Ikam's Magic Scroll Shoppe.
 20499 | Orc:2    | Found Strogig's General Store.
 20699 | Orc:3    | Received a gift from Trog
 20914 | Orc:3    | Noticed Josephine
 20920 | Orc:3    | Killed Josephine
 21025 | Orc:2    | Received a gift from Trog
 21104 | Orc:2    | Found Myugay's Food Shoppe.
 21221 | Orc:2    | Found Gism's Jewellery Emporium.
 21241 | Orc:2    | Bought the ring of Scho Saeq {rF+ rC+} for 585 gold pieces
 21319 | Orc:2    | Found Ghamoes' Distillery.
 21323 | Orc:2    | Bought a potion of mutation for 37 gold pieces
 21323 | Orc:2    | Bought a potion of berserk rage for 45 gold pieces
 21616 | Orc:4    | Entered Level 4 of the Orcish Mines
 21616 | Orc:4    | Found a burning altar of Makhleb.
 21654 | Orc:4    | Found a frozen archway.
 21694 | IceCv    | Entered an ice cave
 21758 | IceCv    | Reached skill level 10 in Armour
 21833 | IceCv    | Received a gift from Trog
 22347 | Orc:4    | Found Onaruuta's Magic Scroll Boutique.
 22359 | Orc:4    | Found Klakhom's Antique Weapon Emporium.
 22375 | Orc:4    | Received a gift from Trog
 22428 | Orc:4    | Found a roughly hewn altar of Beogh.
 22445 | Orc:4    | Found Praoc's Book Emporium.
 22472 | Orc:4    | Found Fyogosha's Weapon Boutique.
 22497 | Orc:4    | Noticed Donald
 22517 | Orc:4    | Killed Donald
 22546 | Orc:4    | Received a gift from Trog
 22718 | Orc:4    | Found a staircase to the Elven Halls.
 23033 | Orc:2    | Bought the ring of Shaolin {EV+8} for 1920 gold pieces
 23033 | Orc:2    | Bought an uncursed ring of see invisible for 225 gold pieces
 23522 | D:13     | Noticed Erica
 23538 | D:13     | Killed Erica
 24007 | D:14     | Noticed Frances
 24019 | D:14     | Killed Frances
 24128 | D:14     | Received a gift from Trog
 24308 | D:14     | Reached XP level 16. HP: 88/88 MP: 20/20
 24328 | D:14     | Received a gift from Trog
 24342 | D:14     | Found a gate to the Vaults.
 24719 | D:15     | Entered Level 15 of the Dungeon
 25283 | D:15     | Found a staircase to the Depths.
 25297 | D:15     | Reached skill level 16 in Axes
 25657 | D:11     | Found Ikoehy's Food Shop.
 26026 | Orc:2    | Bought an uncursed ring of poison resistance for 300 gold pieces
 26379 | Snake:1  | Entered Level 1 of the Snake Pit
 26444 | Snake:1  | Found Xaypaell's Book Boutique.
 27257 | Snake:2  | Received a gift from Trog
 28538 | Snake:3  | Noticed Nikola
 28550 | Snake:3  | Killed Nikola
 28852 | Snake:3  | Found Wielitaw's General Store.
 28859 | Snake:3  | Bought a scroll of enchant weapon for 90 gold pieces
 28859 | Snake:3  | Bought a scroll of enchant weapon for 90 gold pieces
 28859 | Snake:3  | Bought a scroll of blinking for 90 gold pieces
 28975 | Snake:3  | Received a gift from Trog
 29873 | Snake:4  | Reached XP level 17. HP: 93/93 MP: 21/21
 30210 | Snake:4  | Received a gift from Trog
 30314 | Snake:4  | Reached skill level 17 in Axes
 31161 | Snake:5  | Entered Level 5 of the Snake Pit
 31167 | Snake:5  | Noticed Vashnia
 31205 | Snake:5  | Killed Vashnia
 31310 | Snake:5  | Noticed Roxanne
 31478 | Snake:5  | Received a gift from Trog
 31606 | Snake:5  | Noticed Norris
 31633 | Snake:5  | Killed Norris
 31798 | Snake:5  | Killed Roxanne
 32256 | Snake:5  | Reached XP level 18. HP: 64/99 MP: 21/21
 32419 | Snake:5  | Received a gift from Trog
 32803 | Snake:5  | Reached skill level 18 in Axes
 32909 | Snake:5  | Received a gift from Trog
 33004 | Snake:5  | Got a serpentine rune of Zot
 33284 | Shoals:1 | Entered Level 1 of the Shoals
 33328 | Shoals:1 | You fall through a shaft!
 33909 | Shoals:5 | Entered Level 5 of the Shoals
 33937 | Shoals:5 | Received a gift from Trog
 33950 | Shoals:5 | Slain by a merfolk impaler

Action                   |  1- 3 |  4- 6 |  7- 9 | 10-12 | 13-15 | 16-18 || total
-------------------------+-------+-------+-------+-------+-------+-------++-------
Melee: Dagger            |   112 |    47 |       |       |       |       ||   159
       Broad axe         |       |    81 |   355 |   316 |       |       ||   752
       Unarmed           |       |     5 |       |       |       |       ||     5
       Battleaxe         |       |       |       |   385 |  1183 |  1050 ||  2618
 Fire: Blowgun           |       |       |     3 |     7 |       |       ||    10
Throw: Tomahawk          |       |       |       |    32 |       |       ||    32
       Javelin           |       |       |       |     6 |       |       ||     6
Invok: Berserk           |       |       |     3 |    22 |    16 |    25 ||    66
       Trog's Hand       |       |       |       |     2 |     7 |    15 ||    24
       Brothers in Arms  |       |       |       |     3 |    10 |     7 ||    20
       Burn Spellbooks   |       |       |       |       |     1 |       ||     1
Evoke: Wand              |       |       |     3 |     7 |     3 |     7 ||    20
  Use: Scroll            |       |    12 |     6 |     5 |    17 |    16 ||    56
       Potion            |       |       |       |     1 |     1 |     2 ||     4
 Stab: Sleeping          |     4 |     3 |     2 |     8 |    35 |     2 ||    54
       Distracted        |       |     2 |       |     1 |     8 |     1 ||    12
       Confused          |       |     1 |       |       |       |       ||     1
       Petrified         |       |       |       |       |     3 |       ||     3
       Petrifying        |       |       |       |       |     1 |       ||     1
  Eat: Chunk             |     1 |     6 |     6 |    28 |    30 |    27 ||    98
       Beef jerky        |       |       |     1 |     1 |     2 |     1 ||     5
       Fruit             |       |       |     3 |     4 |     6 |     9 ||    22
       Meat ration       |       |       |     1 |     1 |     1 |     1 ||     4
       Pizza             |       |       |       |     1 |     6 |     1 ||     8
       Royal jelly       |       |       |       |     2 |     1 |       ||     3
       Bread ration      |       |       |       |       |     1 |     4 ||     5
